Map: [ESL] Hard Lead

Players

Kelazhur

  • Race: Terran Terran
  • Spawn Location: 11:00

Maru - Winner!

  • Race: Terran Terran
  • Spawn Location: 5:00

Event: ESL SC2 Masters 2023 Winter (Finals)

VOD

Have the link to the VOD?

Description

Time

  • Played on: Dec. 15, 2023, 10:34 a.m.
  • Length: 17:47

All games in this series

Show
View Real Time Build Order
Export as new Build Order

Kelazhur Terran 

Build Orders: Cyclone Opening 

Get SALT Encoding   

  12  0:00  SCV  
  13  0:12  SCV  
  14  0:17  Supply Depot  
  14  0:24  SCV  
  15  0:38  SCV  
  15  0:39  Barracks  
  15  0:42  Refinery  
  16  0:50  SCV  
  16  0:52  Refinery  
  17  1:02  SCV  
  18  1:14  SCV  
  19  1:26  Orbital Command, Barracks Reactor  
  19  1:29  Supply Depot  
  19  1:40  Factory  
  19  1:52  SCV  
  20  2:01  Marine  
  20  2:02  Marine  
  20  2:04  SCV  
  23  2:16  Command Center  
  23  2:19  SCV  
  24  2:25  Cyclone  
  24  2:29  Marine  
  27  2:30  Marine  
  27  2:34  SCV  
  29  2:40  Supply Depot  
  29  2:46  SCV  
  29  2:49  Starport  
  30  2:55  Marine  
  31  3:01  Marine  
  31  3:02  SCV  
  33  3:06  Cyclone  
  35  3:13  Marine  
  35  3:14  SCV  
  37  3:21  Marine  
  37  3:26  SCV  
  39  3:27  Medivac  
  39  3:29  Orbital Command  
  41  3:39  SCV  
  42  3:48  Barracks Tech Lab  
  42  3:49  Orbital Command  
  42  3:50  Cyclone x2  
  42  3:52  SCV  
  47  3:57  Supply Depot  
  47  4:04  SCV  
  48  4:16  SCV  
  50  4:17  SCV  
  50  4:22  Cyclone x2  
  50  4:23  Raven  
  56  4:27  Supply Depot  
  56  4:28  SCV  
  56  4:29  SCV  
  58  4:40  SCV  
  58  4:43  Command Center  
  58  4:45  SCV  
  60  4:52  Supply Depot  
  60  4:54  Cyclone x2  
  60  4:59  Raven  
  66  5:00  SCV  
  66  5:01  SCV  
  66  5:06  Refinery  
  68  5:12  Barracks Tech Lab, SCV  
  68  5:13  SCV  
  70  5:15  Interference Matrix, Supply Depot  
  70  5:24  SCV  
  70  5:25  SCV  
  71  5:32  Stimpack, Marine  
  72  5:36  SCV  
  72  5:37  SCV  
  72  5:39  Barracks x2  
  72  5:42  Factory Reactor  
  74  5:48  SCV  
  76  5:50  SCV  
  76  5:52  Refinery  
  76  5:53  Engineering Bay x2  
  76  5:55  Raven  
  78  5:59  Orbital Command  
  78  6:00  SCV  
  78  6:02  SCV  
  80  6:05  Marine  
  81  6:12  SCV  
  81  6:14  SCV  
  80  6:24  Marine, SCV x2  
  79  6:25  Terran Infantry Weapons Level 1  
  79  6:26  Terran Infantry Armor Level 1, SCV  
  79  6:30  Marine  
  79  6:31  Marine  
  82  6:35  Marine x2  
  82  6:36  SCV  
  82  6:37  SCV  
  82  6:38  SCV  
  82  6:39  Factory Reactor  
  87  6:42  Marine  
  87  6:43  Supply Depot  
  88  6:48  SCV  
  88  6:49  SCV  
  88  6:50  SCV  
  88  6:52  Marine x2  
  88  6:53  Marine  
  94  7:00  Orbital Command, Supply Depot  
  94  7:01  Starport Reactor, Marine  
  94  7:02  Marine  
  95  7:08  Barracks  
  95  7:11  Barracks  
  95  7:12  Marine x2  
  95  7:13  Marine  
  95  7:14  SCV  
  95  7:15  SCV  
  97  7:16  Siege Tank  
  97  7:20  Combat Shield  
  93  7:25  Marine  
  93  7:27  SCV x2  
  96  7:30  Marine x2  
  96  7:31  SCV  
  96  7:36  Marine x2  
  96  7:37  Armory, Supply Depot  
  101  7:39  SCV  
  101  7:43  Marine, SCV  
  104  7:50  Marine x2  
  106  7:52  Medivac x2, SCV  
  106  7:55  Siege Tank  
  106  7:56  Marine x2  
  106  7:57  Barracks Reactor  
  114  8:00  SCV x2  
  114  8:05  SCV  
  117  8:06  Sensor Tower  
  117  8:07  Supply Depot, Marine  
  117  8:09  Barracks Reactor  
  117  8:11  Marine  
  119  8:14  SCV x2  
  119  8:17  SCV  
  119  8:18  Marine, Supply Depot  
  119  8:19  Refinery  
  123  8:24  Medivac  
  125  8:29  SCV, Medivac  
  125  8:32  SCV  
  125  8:33  SCV  
  130  8:37  Marine  
  130  8:38  Marine  
  122  8:41  SCV  
  122  8:42  Marine  
  122  8:43  Marine  
  122  8:44  Terran Infantry Weapons Level 2, Marine x3  
  124  8:51  Marine  
  124  8:55  Marine  
  85  8:56  SCV x2, Marine x2  
  85  9:00  Marine  
  85  9:01  Marine  
  85  9:02  SCV, Marine x3  
  92  9:05  Terran Infantry Armor Level 2  
  92  9:08  SCV x2  
  92  9:09  Marine  
  95  9:10  Liberator  
  95  9:12  Siege Tank  
  95  9:14  SCV  
  95  9:17  Marine  
  102  9:21  Marine x2, SCV x2  
  102  9:22  Marine  
  108  9:28  Marine  
  108  9:29  SCV  
  110  9:33  Marine, SCV x2  
  113  9:41  SCV  
  113  9:44  Siege Tank  
  117  9:48  Marine  
  117  9:49  Marine x7  
  117  9:51  Marine  
  126  9:54  Terran Vehicle Weapons Level 1  
  126  10:00  Medivac x2  
  126  10:03  Refinery  
  126  10:06  Marine x4  
  126  10:07  Marine  
  131  10:08  Command Center, Supply Depot  
  131  10:10  Supply Depot  
  131  10:14  Marine x2  
  136  10:15  SCV x3  
  140  10:21  Supply Depot  
  140  10:25  Marine  
  141  10:29  Siege Tank, SCV  
  141  10:31  Marine x7  
  141  10:33  SCV  
  153  10:39  Marine, SCV  
  148  10:48  Marine  
  149  10:50  SCV x2  
  149  10:51  Marine, SCV, Supply Depot  
  149  10:52  Marine x3  
  156  11:03  Command Center, Marine x4  
  157  11:07  Siege Tank, Marine  
  157  11:09  Terran Infantry Weapons Level 3, Marine  
  162  11:15  Marine, Medivac x2  
  167  11:19  Supply Depot  
  167  11:21  Marine  
  167  11:22  Marine x3  
  167  11:23  Marine  
  172  11:29  Terran Infantry Armor Level 3  
  172  11:41  Siege Tank, Factory  
  172  11:46  Supply Depot  
  175  11:47  Marine  
  175  11:48  Barracks Reactor, Supply Depot, Marine  
  175  11:50  Terran Vehicle Weapons Level 2  
  175  11:51  Marine  
  178  12:00  Marine  
  178  12:03  Marine  
  178  12:04  Marine x2  
  178  12:07  Marine x3  
  184  12:09  Marine  
  184  12:12  Supply Depot  
  184  12:13  Siege Tank  
  188  12:17  Marine  
  189  12:24  Siege Tank  
  192  12:33  Marine x5  
  197  12:44  Planetary Fortress  
  197  12:48  Barracks  
  197  12:50  Barracks  
  197  12:52  Barracks  
  197  12:56  Siege Tank  
  200  12:58  Command Center  
  198  13:16  Siege Tank  
  198  13:18  Marine x2  
  174  13:32  Marine  
  174  13:33  Marine x7  
  174  13:34  Siege Tank  
  149  13:36  Marine x2  
  149  13:41  Medivac x2  
  149  13:47  Barracks Reactor x2  
  149  13:48  Barracks Reactor  
  149  13:49  Siege Tank  
  149  13:50  Marine x3  
  149  13:54  Marine  
  156  13:57  Marine  
  156  13:58  Marine x5  
  156  14:00  Missile Turret x2  
  156  14:02  Missile Turret, SCV x2  
  164  14:08  Marine x3  
  167  14:10  Planetary Fortress  
  167  14:12  Marine  
  167  14:13  Siege Tank  
  167  14:15  Marine x3  
  167  14:16  Marine x3  
  177  14:26  Marine x3  
  176  14:35  Siege Tank  
  176  14:37  Marine x6  
  179  14:39  Medivac x2  
  179  14:45  SCV  
  184  14:46  Marine x2  
  184  14:47  Marine x5  
  184  14:48  Siege Tank  
  194  14:53  Marine, SCV x2  
  197  15:04  Command Center  
  197  15:07  Refinery  
  197  15:09  Starport, Refinery  
  197  15:10  Starport  
  197  15:11  Starport  
  197  15:12  Siege Tank  
  197  15:24  Marine x4  
  197  15:27  Siege Tank  
  197  15:28  Marine x7  
  151  15:30  Marine x2  
  153  15:36  Viking  
  153  15:39  Viking  
  157  15:45  Marine x7  
  163  15:57  Siege Tank  
  163  15:58  SCV x3  
  163  15:59  SCV  
  163  16:01  Siege Tank  
  173  16:10  Viking x2  
  170  16:13  Viking x2  
  170  16:14  Viking  
  176  16:32  Siege Tank, Planetary Fortress  
  179  16:36  Missile Turret x2  
  179  16:40  Viking x2  
  181  16:56  Viking x2  
  181  16:58  Viking  
  136  17:03  Siege Tank  
  136  17:04  Siege Tank  
  136  17:07  Orbital Command  
  139  17:10  Viking x2  
Show
View Real Time Build Order
Export as new Build Order

Maru Terran - Winner!

Build Orders: Cyclone Opening 

Get SALT Encoding   

  12  0:00  SCV  
  13  0:12  SCV  
  14  0:17  Supply Depot  
  14  0:24  SCV  
  15  0:38  SCV  
  15  0:41  Barracks  
  16  0:43  Refinery  
  16  0:51  SCV  
  16  0:52  Refinery  
  17  1:03  SCV  
  18  1:15  SCV  
  19  1:27  Orbital Command  
  19  1:28  Reaper  
  19  1:31  Supply Depot  
  20  1:41  Factory  
  20  1:53  SCV  
  21  2:00  Reaper  
  22  2:05  SCV  
  23  2:17  SCV  
  23  2:20  Command Center  
  24  2:27  Cyclone  
  27  2:30  SCV  
  27  2:35  Supply Depot  
  27  2:42  SCV  
  28  2:46  Starport  
  28  2:51  Barracks Reactor  
  28  2:54  SCV  
  29  3:00  Cyclone  
  31  3:06  SCV  
  32  3:18  SCV  
  33  3:22  Medivac  
  35  3:27  Marine x2  
  35  3:28  Refinery  
  35  3:30  SCV  
  35  3:32  Orbital Command  
  35  3:33  Factory Tech Lab  
  38  3:42  SCV  
  38  3:46  Marine x2  
  40  3:53  Siege Tank  
  40  3:54  SCV  
  44  3:59  SCV  
  44  4:01  Starport Tech Lab  
  45  4:04  Marine x2, Supply Depot  
  45  4:06  SCV  
  48  4:11  SCV  
  49  4:18  SCV  
  49  4:21  Raven  
  49  4:23  SCV  
  52  4:26  Supply Depot  
  52  4:28  Siege Tank  
  56  4:31  SCV  
  56  4:37  Command Center  
  56  4:40  Interference Matrix  
  56  4:42  SCV  
  57  4:46  SCV  
  58  4:54  SCV  
  58  4:55  Raven  
  58  4:56  Supply Depot, Refinery  
  58  4:57  Marine x2  
  63  5:02  SCV  
  63  5:05  Siege Tank  
  63  5:06  SCV  
  68  5:09  Supply Depot  
  68  5:16  Marine x2  
  68  5:19  Barracks  
  70  5:22  Barracks  
  70  5:23  SCV  
  71  5:29  SCV  
  72  5:36  Raven  
  72  5:40  SCV  
  75  5:43  Engineering Bay x2  
  75  5:47  Siege Tank, Marine x2  
  75  5:48  SCV  
  81  5:53  Orbital Command  
  81  6:01  SCV x2  
  83  6:07  Barracks Tech Lab  
  83  6:10  Barracks Reactor  
  83  6:13  SCV x2  
  84  6:19  Siege Tank  
  84  6:24  SCV  
  86  6:25  SCV  
  86  6:30  Marine  
  86  6:31  Stimpack  
  84  6:33  SCV  
  84  6:34  Terran Infantry Weapons Level 1, Terran Infantry Armor Level 1  
  84  6:39  Viking x2  
  89  6:46  Marine  
  89  6:48  Marine  
  89  6:50  SCV  
  86  6:54  Combat Shield  
  86  7:03  Barracks x2, Marine  
  87  7:08  Marine  
  87  7:09  Marine x2  
  87  7:13  Medivac x2  
  94  7:16  Supply Depot  
  94  7:18  Supply Depot  
  94  7:21  Orbital Command, Marine  
  95  7:23  SCV x2  
  95  7:25  Siege Tank  
  95  7:26  Marine  
  101  7:36  Marine  
  101  7:37  SCV x2, Marine  
  101  7:39  Marine  
  99  7:44  Marine  
  99  7:46  SCV  
  99  7:49  SCV x2, Medivac x2  
  101  7:52  Barracks Reactor  
  101  7:54  Marine  
  101  7:55  Marine  
  101  7:57  Marine  
  101  7:58  SCV  
  101  8:01  SCV x2  
  101  8:02  Marine  
  101  8:03  Barracks Reactor  
  105  8:08  Supply Depot  
  105  8:10  SCV  
  105  8:11  Marine  
  107  8:13  Marine  
  107  8:14  SCV x2  
  107  8:15  Armory, Marine  
  111  8:20  Marine  
  111  8:21  Siege Tank  
  111  8:22  SCV  
  111  8:25  Supply Depot  
  111  8:26  SCV  
  117  8:30  SCV, Marine x2  
  117  8:33  Marine x3  
  123  8:34  SCV  
  123  8:38  Marine, SCV  
  125  8:44  Supply Depot  
  125  8:45  Supply Depot  
  125  8:46  SCV, Marine  
  125  8:47  Marine, SCV  
  129  8:48  Marine  
  129  8:51  Marine  
  129  8:52  Marine x3  
  129  8:53  SCV  
  105  8:59  Siege Tank  
  105  9:01  Viking  
  105  9:02  Viking, SCV  
  98  9:03  SCV  
  98  9:05  SCV  
  98  9:07  Terran Infantry Weapons Level 2  
  100  9:12  Refinery  
  100  9:13  Refinery  
  100  9:18  Marine x2  
  100  9:19  Terran Infantry Armor Level 2  
  100  9:20  Marine  
  100  9:21  Marine x4  
  107  9:30  Factory  
  107  9:32  SCV x2  
  107  9:33  SCV  
  110  9:39  Command Center  
  110  9:40  Siege Tank  
  110  9:41  Marine x3  
  110  9:43  Marine x2  
  118  9:48  Marine x2  
  121  9:54  Missile Turret  
  121  9:57  Viking x2  
  121  9:58  Marine  
  127  10:03  Terran Vehicle Weapons Level 1  
  127  10:04  Missile Turret  
  127  10:05  Missile Turret  
  125  10:09  Marine x4  
  125  10:13  Siege Tank  
  132  10:14  Sensor Tower  
  132  10:15  Barracks Reactor  
  132  10:16  Supply Depot  
  132  10:18  Marine x2  
  134  10:22  Siege Tank  
  134  10:23  Marine  
  134  10:26  Marine  
  134  10:27  Marine x2  
  141  10:30  Marine  
  140  10:36  Marine x2  
  140  10:41  SCV x2  
  138  10:45  Siege Tank  
  138  10:46  Viking x2  
  145  10:52  Supply Depot  
  145  10:53  SCV x2  
  145  10:54  Siege Tank, SCV  
  140  11:05  Marine  
  140  11:06  Marine x2  
  144  11:12  Missile Turret  
  144  11:15  SCV x3  
  144  11:17  Siege Tank  
  149  11:19  Liberator  
  149  11:20  Liberator  
  149  11:22  Barracks Reactor  
  152  11:26  Siege Tank  
  152  11:27  SCV x2  
  152  11:28  SCV  
  152  11:32  Supply Depot  
  158  11:34  Supply Depot  
  158  11:41  Command Center  
  157  11:49  Terran Infantry Weapons Level 3  
  157  11:53  Terran Infantry Armor Level 3  
  157  12:01  Terran Vehicle Weapons Level 2  
  157  12:04  Supply Depot  
  157  12:07  Sensor Tower  
  157  12:08  SCV x3  
  160  12:11  Viking  
  162  12:15  Missile Turret  
  162  12:17  Marine x2  
  162  12:20  Missile Turret, SCV  
  163  12:31  Viking  
  163  12:32  SCV  
  163  12:33  SCV x2  
  168  12:40  Starport  
  168  12:41  Viking, Starport  
  170  12:50  Missile Turret, SCV  
  171  12:51  Missile Turret  
  171  12:52  Missile Turret  
  171  12:53  Missile Turret  
  171  13:02  Command Center  
  170  13:12  Viking x2  
  162  13:13  Marine x2, Starport  
  162  13:14  Starport  
  159  13:22  Siege Tank  
  159  13:26  SCV  
  146  13:29  SCV  
  146  13:33  Siege Tank, Marine  
  141  13:35  SCV  
  141  13:38  SCV  
  143  13:43  SCV  
  143  13:44  Planetary Fortress  
  143  13:47  SCV  
  145  13:50  SCV  
  145  13:51  Viking x2  
  145  13:54  Siege Tank  
  145  13:55  Starport Tech Lab, SCV  
  154  13:58  Marine x2  
  154  13:59  SCV  
  157  14:05  Refinery x2  
  157  14:08  Starport Tech Lab  
  157  14:13  Siege Tank, Marine  
  161  14:18  Terran Vehicle And Ship Armor Level 1, Marine x3, Missile Turret  
  164  14:27  Siege Tank  
  165  14:44  SCV x3  
  165  14:45  Siege Tank  
  171  14:46  Raven x2  
  175  14:53  Command Center  
  175  14:55  Command Center, Missile Turret  
  175  14:56  SCV x3  
  175  14:59  Siege Tank  
  181  15:00  Armory  
  181  15:05  Missile Turret  
  181  15:06  Missile Turret  
  181  15:11  Planetary Fortress  
  181  15:15  Sensor Tower  
  181  15:23  Marine x2  
  181  15:25  Siege Tank, Marine x3  
  181  15:26  Raven x2  
  181  15:30  SCV x2  
  181  15:35  Viking  
  185  15:36  Marine x3  
  185  15:38  Marine  
  189  15:47  Sensor Tower  
  189  15:54  Siege Tank  
  192  16:00  Raven  
  194  16:16  Raven  
  196  16:18  Orbital Command  
  196  16:20  Orbital Command  
  196  16:21  Command Center  
  196  16:33  Missile Turret  
  196  16:34  Raven, Command Center, Starport  
  196  16:36  Starport  
  198  16:50  Raven  
  200  16:59  Siege Tank x2  
  185  17:01  Marine  
  183  17:09  Raven  
  183  17:12  Marine  
  183  17:15  Marine x4  
  182  17:18  Marine x2  
  178  17:26  Marine  
  178  17:27  Marine  
Tags
 
Add a new tag
Caveats
  • Supply blocks, unpowered buildings, or Contaminate may cause inaccurate times.
  • Supply counts are checked every 10 seconds.